 Dungeon Crawl Stone Soup version 0.22.0-13-g43fe8f24b8 (webtiles) character file.

107 Ablot the Charmwright (level 4, -1/38 HPs)
             Began as a Gnoll Skald on Aug 16, 2018.
             Killed by divine providence
             ... invoked by an orc priest
              (10 damage)
             ... on level 3 of the Dungeon.
             The game lasted 00:02:07 (1407 turns).

Ablot the Charmwright (Gnoll Skald)                 Turns: 1407, Time: 00:02:10

Health: -1/38      AC:  3    Str: 14    XL:     4   Next: 86%
Magic:  7/11       EV: 14    Int: 15    God:
Gold:   81         SH:  0    Dex: 15    Spells: 2/13 levels left

rFire    . . .     SeeInvis .   a - +0 spear
rCold    + . .     Gourm    .   (no shield)
rNeg     . . .     Faith    .   b - +0 leather armour
rPois    .         Spirit   .   (no helmet)
rElec    .         Reflect  .   (no cloak)
rCorr    .         Harm     .   (no gloves)
MR       .....                  (no boots)
Stlth    ++........             (no amulet)
HPRegen  0.12/turn              e - ring of protection from cold
MPRegen  0.12/turn              (no ring)

@: shrouded, singing
A: distributed training, fangs 1, strong nose
a: no special abilities


You were on level 3 of the Dungeon.
You were not hungry.

You visited 1 branch of the dungeon, and saw 3 of its levels.

You collected 81 gold pieces.

Inventory:

Hand Weapons
 a - a +0 spear (weapon)
Missiles
 g - 25 sling bullets
 h - 103 stones (quivered)
 i - 48 bolts
 k - 42 arrows
Armour
 b - a +0 leather armour (worn)
Jewellery
 e - a ring of protection from cold (left hand)
Scrolls
 c - 2 scrolls of amnesia {unknown}
 f - a scroll of fog {unknown}
 j - a scroll of identify {unknown}
 l - a scroll of remove curse {unknown}
 m - a scroll of random uselessness {unknown}
 o - a scroll of teleportation {unknown}
 p - a scroll of noise {unknown}
Potions
 n - 3 potions of curing {unknown}
Comestibles
 d - 5 rations
 q - a chunk of flesh


   Skills:
 + Level 4.7 Fighting
 + Level 1.2 Short Blades
 + Level 1.2 Long Blades
 + Level 1.2 Axes
 + Level 1.2 Maces & Flails
 + Level 4.7 Polearms
 + Level 1.2 Staves
 + Level 1.2 Slings
 + Level 1.2 Bows
 + Level 1.2 Crossbows
 + Level 1.2 Throwing
 + Level 2.8 Armour
 + Level 4.7 Dodging
 + Level 1.2 Stealth
 + Level 1.2 Shields
 + Level 1.2 Unarmed Combat
 + Level 5.1 Spellcasting
 + Level 1.0 Conjurations
 + Level 1.0 Hexes
 + Level 5.5 Charms
 + Level 1.0 Summonings
 + Level 1.0 Necromancy
 + Level 1.0 Translocations
 + Level 1.0 Transmutations
 + Level 1.0 Fire Magic
 + Level 1.0 Ice Magic
 + Level 1.0 Air Magic
 + Level 1.0 Earth Magic
 + Level 1.0 Poison Magic
 + Level 1.3 Invocations
 + Level 1.2 Evocations


You had 2 spell levels left.
You knew the following spells:

 Your Spells              Type           Power        Failure   Level  Hunger
a - Infusion              Chrm           ###.         1%          1    None
b - Song of Slaying       Chrm           ###.....     3%          2    ##.....
c - Shroud of Golubria    Chrm/Tloc      ##........   8%          2    ##.....
d - Regeneration          Chrm/Necr      ##........   16%         3    ###....
e - Spectral Weapon       Hex/Chrm       ##......     16%         3    ###....

Your spell library contained the following spells:

 Spells                   Type           Power        Failure   Level  Hunger


Dungeon Overview and Level Annotations

Branches:
Dungeon (3/15)

Altars:
Sif Muna


Innate Abilities, Weirdness & Mutations

Your experience applies equally to all skills.
You have very sharp teeth.
Your uncanny sense of smell can sniff out nearby items.


Message History

You barely miss the orc wizard. The orc wizard hits you with a dagger.
Casting: Regeneration (safe; 16% risk of failure)
Confirm with . or Enter, or press ? or * to list all spells.
Space distorts slightly along a thin shroud covering your body.
The orc wizard hits you but does no damage.
Casting: Shroud of Golubria (safe; 8% risk of failure)
Confirm with . or Enter, or press ? or * to list all spells.
You start singing a song of slaying.
The orc wizard points at you and mumbles some strange words.
The magic dart hits you!
You closely miss the orc wizard. Your punch misses the orc wizard.
The orc wizard casts a spell at you. The magic dart hits you!
You barely miss the orc wizard.
The orc wizard gestures at you while chanting.
The magic dart hits you!
* * * LOW HITPOINT WARNING * * *
The orc priest calls down the wrath of Beogh upon you.
Beogh smites you!
You die...

#######
#.....#
#.###.#
#..<#@#
#####o#
.o#
####


You could see an orc priest and an orc wizard.

Vanquished Creatures
  An orc wizard (D:3)
  3 gnolls (D:2)
  An adder (D:2)
  A worm (D:2)
  3 dart slugs
  2 orcs (D:3)
  A ball python (D:1)
  3 giant cockroaches
  2 hobgoblins (D:2)
  5 kobolds
  6 bats
  2 frilled lizards (D:1)
  3 goblins
  5 rats
38 creatures vanquished.

Notes
Turn   | Place    | Note
-------+----------+-------------------------------------------
     0 | D:1      | Ablot the Gnoll Skald began the quest for the Orb.
     0 | D:1      | Reached XP level 1. HP: 20/20 MP: 6/6
   119 | D:1      | Reached XP level 2. HP: 25/26 MP: 7/7
   128 | D:1      | Learned a level 2 spell: Song of Slaying
   131 | D:1      | Learned a level 2 spell: Shroud of Golubria
   591 | D:2      | Reached XP level 3. HP: 25/31 MP: 7/9
   674 | D:2      | Reached skill level 5 in Spellcasting
   763 | D:2      | Reached skill level 1 in Invocations
   777 | D:2      | Reached skill level 1 in Short Blades
   777 | D:2      | Reached skill level 1 in Long Blades
   777 | D:2      | Reached skill level 1 in Axes
   777 | D:2      | Reached skill level 1 in Maces & Flails
   777 | D:2      | Reached skill level 1 in Staves
   777 | D:2      | Reached skill level 1 in Slings
   777 | D:2      | Reached skill level 1 in Bows
   777 | D:2      | Reached skill level 1 in Crossbows
   777 | D:2      | Reached skill level 1 in Throwing
   777 | D:2      | Reached skill level 1 in Stealth
   777 | D:2      | Reached skill level 1 in Shields
   777 | D:2      | Reached skill level 1 in Unarmed Combat
   777 | D:2      | Reached skill level 1 in Evocations
   777 | D:2      | Reached XP level 4. HP: 23/38 MP: 0/11
   821 | D:2      | Learned a level 3 spell: Regeneration
   825 | D:2      | Learned a level 3 spell: Spectral Weapon
  1341 | D:2      | Found a deep blue altar of Sif Muna.
  1395 | D:3      | Reached skill level 1 in Conjurations
  1395 | D:3      | Reached skill level 1 in Hexes
  1395 | D:3      | Reached skill level 1 in Summonings
  1395 | D:3      | Reached skill level 1 in Necromancy
  1395 | D:3      | Reached skill level 1 in Translocations
  1395 | D:3      | Reached skill level 1 in Transmutations
  1395 | D:3      | Reached skill level 1 in Fire Magic
  1395 | D:3      | Reached skill level 1 in Ice Magic
  1395 | D:3      | Reached skill level 1 in Air Magic
  1395 | D:3      | Reached skill level 1 in Earth Magic
  1395 | D:3      | Reached skill level 1 in Poison Magic
  1407 | D:3      | Killed from afar by an orc priest

Skill      XL: |  1  2  3  4 |
---------------+-------------+-----
Spellcasting   | 5 |  5.1
Invocations    | 1 |  1.3
Short Blades   | 1 |  1.2
Long Blades    | 1 |  1.2
Axes           | 1 |  1.2
Maces & Flails | 1 |  1.2
Staves         | 1 |  1.2
Slings         | 1 |  1.2
Bows           | 1 |  1.2
Crossbows      | 1 |  1.2
Throwing       | 1 |  1.2
Stealth        | 1 |  1.2
Shields        | 1 |  1.2
Unarmed Combat | 1 |  1.2
Evocations     | 1 |  1.2
Conjurations   | 1 |  1.0
Hexes          | 1 |  1.0
Summonings     | 1 |  1.0
Necromancy     | 1 |  1.0
Translocations | 1 |  1.0
Transmutations | 1 |  1.0
Fire Magic     | 1 |  1.0
Ice Magic      | 1 |  1.0
Air Magic      | 1 |  1.0
Earth Magic    | 1 |  1.0
Poison Magic   | 1 |  1.0
Fighting       | |  4.7
Polearms       | |  4.7
Armour         | |  2.8
Dodging        | |  4.7
Charms         | |  5.5

Action                   |  1- 3 |  4- 6 || total
-------------------------+-------+-------++-------
Melee: Spear             |   133 |    46 ||   179
       Bite              |     8 |     6 ||    14
 Cast: Shroud of Golubri |     2 |     2 ||     4
       Infusion          |     1 |       ||     1
       Regeneration      |       |     1 ||     1
       Song of Slaying   |       |     1 ||     1
 Stab: Sleeping          |     4 |     1 ||     5
  Eat: Chunk             |       |     2 ||     2
Armor: Leather armour    |    26 |     5 ||    31
Dodge: Dodged            |    79 |    22 ||   101
